Cogmind - Beta 13 @@@ ROGUE MODE // 2024.03.09 @ 07:43:26 Player: CatPlusPlus Result: Destroyed by 1H-VXG(R) with Subdweller Beam Cannon Performance ------------- Evolutions (0) 0 Regions Visited (2) 400 Robots Destroyed (42) 210 Value Destroyed (829) 829 Prototype IDs (2) 40 Alien Tech Used (0) 0 Bonus (0) 0 TOTAL SCORE: 1479 Bonus ------- None Cogmind --------- Core Integrity 0/250 Matter 88/300 Energy 89/100 System Corruption 0% Temperature Cool (30) Movement Treading (320) Ox2 Location -10/Subcaves Parts ------- > --- POWER (1) -------- (None) > --- PROPULSION (2) --- Light Treads Light Treads > --- UTILITY (2) ------ Huge Storage Unit Seismic Detector > --- WEAPON (2) ------- Battle Cannon > --- INVENTORY (25) --- Ion Engine Compact Wheel Compact Wheel Compact Wheel Flight Unit Flight Unit Flight Unit Flight Unit Flight Unit Heat Sink Medium Storage Unit Sensor Array Signal Interpreter Hacking Suite Makeshift System Shield Spread Laser Heavy Assault Rifle Heavy Assault Rifle Battle Rifle Light Cannon Light Cannon Plasma Cutter Makeshift Hammer Peak State ------------ > --- POWER ------------ Light Ion Engine > --- PROPULSION ------- Light Treads Light Treads > --- UTILITY ---------- Huge Storage Unit Seismic Detector > --- WEAPON ----------- Battle Cannon Makeshift Hammer > --- INVENTORY -------- Ion Engine Light Treads Compact Wheel Compact Wheel Compact Wheel Flight Unit Flight Unit Flight Unit Flight Unit Flight Unit Heat Sink Medium Storage Unit Sensor Array Signal Interpreter Hacking Suite Makeshift System Shield Spread Laser Heavy Assault Rifle Heavy Assault Rifle Battle Rifle Light Cannon Light Cannon Battle Cannon Plasma Cutter [Rating: 14] Favorites ----------- Power Ion Engine Engine Ion Engine Propulsion Light Treads Treads Light Treads Leg Aluminum Leg Wheel Compact Wheel Utility Seismic Detector Device Seismic Detector Storage Huge Storage Unit Weapon Spread Laser Energy Gun Spread Laser Ballistic Gun Assault Rifle Ballistic Cannon Light Cannon Special Weapon Mining Laser Impact Weapon Makeshift Hammer Build | -11 -10 -10 ------- Run | Yrd Mat Sub Slots Evolved . | . . . Power . | . . . Propulsion . | . . . Utility . | . . . Weapon . | . . . Parts Attached 39 | 4 19 16 Power 6 | . 5 1 Engine 6 | . 5 1 Core . | . . . Reactor . | . . . Propulsion 13 | 3 5 5 Treads 6 | 1 1 4 Leg . | . . . Wheel 7 | 2 4 1 Hover . | . . . Flight . | . . . Utility 2 | 1 1 . Device 1 | 1 . . Storage 1 | . 1 . Processor . | . . . Hackware . | . . . Protection . | . . . Artifact . | . . . Weapon 18 | . 8 10 Energy Gun 3 | . 2 1 Energy Cannon . | . . . Ballistic Gun 3 | . 3 . Ballistic Cannon 6 | . . 6 Launcher . | . . . Special Weapon 4 | . 3 1 Impact Weapon 2 | . . 2 Slashing Weapon . | . . . Piercing Weapon . | . . . Special Melee Weapon . | . . . Unidentified Prototypes 1 | . 1 . Parts Lost 5 | . . 5 Power 2 | . . 2 Propulsion 2 | . . 2 Utility . | . . . Weapon 1 | . . 1 Highest Loss Streak 3 | . . 3 To Critical Strikes . | . . . Average Slot Usage (%) 99 | . 99 99 Engine 13 | . 13 13 Treads 20 | . 14 26 Wheel 7 | . 14 1 Device 14 | . 14 14 Storage 14 | . 14 14 Energy Gun 9 | . 15 3 Ballistic Gun 5 | . 10 . Ballistic Cannon 8 | . . 17 Special Weapon 1 | . 2 . Impact Weapon 3 | . . 6 Naked Turns . | . . . Heaviest Build 92 | 14 92 92 Greatest Support 40 | 16 16 40 Greatest Overweight (x) 5 | 1 5 5 Average Overweight (x) 3 | . 4 2 Largest Inventory Capacity 25 | 8 25 25 Average Capacity 24 | 8 24 25 Most Carried 25 | 6 25 25 Average Carried 23 | 4 22 24 Final Capacity 25 | 8 25 25 Final Carried 25 | 5 25 23 Class Distribution -------------------- 70% | Mutant 29% | Scavenger-Mutant Dominant Class ---------------- Scavenger-Mutant | -10/Materials Mutant | -10/Subcaves Resources | -11 -10 -10 ----------- Run | Yrd Mat Sub Matter Collected 896 | 255 360 281 Remotely . | . . . Salvage Created 1324 | 132 1003 189 Parts 81 | 9 65 7 Haulers Intercepted 2 | . 2 . Recyclers Shooed 3 | 1 2 . Parts Field Recycled . | . . . Retrieved Matter . | . . . Parts Self-Destructed 5 | . . 5 Prevented . | . . . Kills | -11 -10 -10 ------- Run | Yrd Mat Sub Combat Hostiles Destroyed 22 | . 15 7 Guns 17 | . 15 2 Cannons 5 | . . 5 Classes Destroyed 11 | 2 7 2 Worker 2 | . 2 . Builder 3 | . 3 . Tunneler 2 | 2 . . Hauler 2 | . 2 . Recycler 6 | 1 5 . Operator 2 | . 2 . Watcher 3 | . 3 . Swarmer 6 | . 6 . Grunt 10 | . 9 1 Sentry 1 | . . 1 Subdweller 5 | . . 5 Best Kill Streak 8 | 2 8 2 Combat Bots Only 3 | . 3 2 Max Kills in Single Turn 2 | 1 2 1 Gunslinging . | . . . Exploded . | . . . Melee . | . . . Uniques/NPCs Destroyed . | . . . Combat | -11 -10 -10 -------- Run | Yrd Mat Sub Hostile Shots Fired 112 | . 44 68 Missed 30 | . 10 20 Damage Taken 1443 | . 381 1062 Core 279 | . 113 166 Absorbed by Shields . | . . . Core Remaining (%) 100 | 100 . . Volleys Fired 138 | 5 83 50 Largest 2 | 2 2 2 Hottest 130 | 60 130 100 Shots Fired 232 | 10 134 88 Gun 149 | 10 126 13 Cannon 73 | . . 73 Launcher . | . . . Special 10 | . 8 2 Kinetic 147 | 5 60 82 Thermal 85 | 5 74 6 Explosive . | . . . Electromagnetic . | . . . Robot Hit Streak 8 | 5 6 8 Robot Miss Streak 12 | 1 12 4 Penetration Max . | . . . Secondary Targets 1 | . 1 . Max Gunslinging Chain 1 | . 1 . Shots Hit Robots 151 | 8 86 57 Core Hits 121 | 4 104 13 Critical Kills . | . . . Critical Parts Destroyed . | . . . Critical Strikes 3 | . . 3 Blast 3 | . . 3 Melee Attacks 26 | . . 26 Impact 26 | . . 26 Slashing . | . . . Piercing . | . . . Sneak Attacks . | . . . Combat Hostiles . | . . . Follow-up Attacks . | . . . Damage Inflicted 2286 | 95 1194 997 Guns 1193 | 95 995 103 Cannons 894 | . . 894 Explosions 199 | . 199 . Melee . | . . . Ramming . | . . . Kinetic 1360 | 50 356 954 Thermal 727 | 45 639 43 Explosive 199 | . 199 . Electromagnetic . | . . . Impact . | . . . Slashing . | . . . Piercing . | . . . Highest Corruption . | . . . Average Corruption . | . . . Corruption Purged . | . . . Corruption Blocked . | . . . Overload Shots . | . . . Overflow Damage 65 | . 65 . Projectiles . | . . . Explosions 65 | . 65 . Melee . | . . . Knockbacks 3 | . . 3 Impact . | . . . Kinetic 3 | . . 3 Secondary . | . . . Self-Inflicted Damage 53 | . 53 . Shots 1 | . 1 . Rammed 1 | . 1 . Targets Rammed 1 | . 1 . Kicked . | . . . Crushed . | . . . Highest Temperature 291 | . 207 291 Average Temperature 51 | . 39 158 Received Heat Transfer 1025 | . 105 920 Siege Activations . | . . . Robots Corrupted . | . . . Combat Hostiles . | . . . Parts Fried . | . . . Impact Corruptions . | . . . Robots Melted . | . . . Combat Hostiles . | . . . Parts Melted . | . . . Heat Transferred 940 | 100 785 55 Parts Sabotaged . | . . . Parts Stolen . | . . . Parts Stripped . | . . . Power Chain Reactions . | . . . Alert | -11 -10 -10 ------- Run | Yrd Mat Sub Peak Influence 370 | 15 370 . Initial 9 | . 9 . Average 127 | 9 131 . Maximum Alert Level 1 | . 1 . Low Security (%) 74 | 100 73 . Level 1 25 | . 26 . Level 2 . | . . . Level 3 . | . . . Level 4 . | . . . Level 5 . | . . . High Security . | . . . Max Security . | . . . Squads Dispatched 3 | . 3 . Investigation 1 | . 1 . Extermination . | . . . Reinforcement 2 | . 2 . Assault . | . . . Garrison . | . . . Intercept . | . . . Searches Triggered . | . . . Construction Impeded . | . . . Haulers Reinforced . | . . . Active Scanning Responses . | . . . Cargo Convoy Interrupts . | . . . Stealth | -11 -10 -10 --------- Run | Yrd Mat Sub Distress Signals 1 | . 1 . Communications Jammed . | . . . Distress Signals . | . . . Times Spotted 40 | . 31 9 Peak Tracking Total 4 | . 4 2 Tactical Retreats 1 | . 1 . Traps | -11 -10 -10 ------- Run | Yrd Mat Sub Traps Triggered 1 | . 1 . Indirectly . | . . . Trap Hack Attempts . | . . . Triggered . | . . . Disarmed . | . . . Reprogrammed . | . . . Reused . | . . . Traps Extracted . | . . . Installed . | . . . Triggered 2 | . . 2 Machines | -11 -10 -10 ---------- Run | Yrd Mat Sub Machines Disabled 2 | . 2 . Max in Single Turn 1 | . 1 . Machines Repaired . | . . . Machines Dismantled . | . . . Machines Sabotaged . | . . . Overloaded Fab Kills . | . . . Hacking | -11 -10 -10 --------- Run | Yrd Mat Sub Machines Accessed 7 | . 7 . Terminals 6 | . 6 . Fabricators . | . . . Repair Stations . | . . . Recycling Units 1 | . 1 . Scanalyzers . | . . . Garrison Access . | . . . Total Hacks 20 | . 20 . Successful 9 | . 9 . Failed 11 | . 11 . Catastrophic 2 | . 2 . Database Lockouts . | . . . Manual 10 | . 10 . Terminals 19 | . 19 . Fabricators . | . . . Repair Stations . | . . . Recycling Units 1 | . 1 . Scanalyzers . | . . . Garrison Access . | . . . Terminal Hacks 6 | . 6 . Part Schematic 1 | . 1 . Prototype ID Bank 1 | . 1 . Unreport Threat 1 | . 1 . Locate Traps 1 | . 1 . Zone Layout 2 | . 2 . Fabricator Hacks . | . . . Repair Station Hacks . | . . . Recycling Unit Hacks . | . . . Scanalyzer . | . . . Garrison Access Hacks . | . . . Unauthorized Hacks 3 | . 3 . Terminals 2 | . 2 . Botnet 2 | . 2 . Fabricators . | . . . Repair Stations . | . . . Recycling Units 1 | . 1 . Tunnel 1 | . 1 . Scanalyzers . | . . . Garrison Access . | . . . Data Cores Recovered . | . . . Used . | . . . Hacking Detections 6 | . 6 . Full Trace Events 1 | . 1 . Feedback Events . | . . . Feedback Blocked . | . . . Robot Schematics Acquired . | . . . Robots Built . | . . . Authchips . | . . . Time . | . . . Total Robot Build Rating . | . . . Part Schematics Acquired 1 | . 1 . Parts Built . | . . . Authchips . | . . . Time . | . . . Total Part Build Rating . | . . . Parts Repaired . | . . . Time . | . . . Parts Recycled . | . . . Recycled Matter . | . . . Retrieved Matter . | . . . Retrieved Components . | . . . Parts Scanalyzed . | . . . Part Schematics Acquired . | . . . Parts Damaged . | . . . Bothacking | -11 -10 -10 ------------ Run | Yrd Mat Sub Used RIF Installer . | . . . Robots Hacked . | . . . Non-combat . | . . . Combat . | . . . Robot Hacks Applied . | . . . Relay Couplers Released . | . . . Fabnet Peak Effective % . | . . . Robots Rewired . | . . . Allies Hacked . | . . . Hacks Repelled . | . . . Allies | -11 -10 -10 -------- Run | Yrd Mat Sub Total Allies . | . . . Largest Group . | . . . Highest-Rated Group . | . . . Highest-Rated Ally . | . . . Total Orders . | . . . Ally Attacks . | . . . Total Damage . | . . . Kills . | . . . Allies Corrupted . | . . . Allies Melted . | . . . Intel | -11 -10 -10 ------- Run | Yrd Mat Sub Robot Analysis Total . | . . . Derelict Logs Recovered 1 | . . 1 Drone Launches . | . . . Drone Recoveries . | . . . Exploration | -11 -10 -10 ------------- Run | Yrd Mat Sub Turns Passed 3878 | 59 1859 1960 Spaces Moved 1398 | 13 806 579 Core . | . . . Treads 478 | . . 478 Legs . | . . . Wheels 920 | 13 806 101 Hover . | . . . Flight . | . . . Fastest Speed 95 | 95 100 175 Average Speed 222 | 98 172 294 Slowest Speed 320 | 100 175 320 Overloaded Moves . | . . . Propulsion Burnouts . | . . . Robots Hopped . | . . . Cave-ins Triggered . | . . . Exploration Rate (%) 44 | 3 98 33 Regions Visited 2 Branch Regions 1 Pre-discovered Areas 2 | . 1 1 Known Exits Taken . | . . . Unknown Exits Taken 2 | 1 1 . Scrap Searched 13 | . . 13 Spaces Dug 24 | . 5 19 Terrain Destroyed 67 | . 48 19 Melee 18 | . . 18 Projectile 6 | . 5 1 AOE 43 | . 43 . Terrain Rammed . | . . . Walls Destroyed . | . . . Machines Disabled . | . . . Actions | -11 -10 -10 --------- Run | Yrd Mat Sub Total 1900 | 49 1136 715 Wait 211 | 23 158 30 Move 1396 | 12 805 579 Hop . | . . . Pick Up 48 | 1 40 7 Fast Attach 6 | 2 4 . Attach 4 | . . 4 Detach 1 | 1 . . Swap 29 | 2 15 12 Drop 40 | 3 30 7 Fire 138 | 5 83 50 Melee 26 | . . 26 Ram . | . . . Kick . | . . . Crush 1 | . 1 . Escape Stasis . | . . . Rewire . | . . . Trap . | . . . Miscellaneous . | . . . Route ------- -11/Scrapyard -10/Materials (discovered 6 exits: [*Mat x3] / [*Min x2] / [*Sub]) -10/Subcaves History --------- Turn | Location | Event 17 | -11/Scrapyard | Discovered new exit (range 1) 60 | -11/Scrapyard | Entered Materials 314 | -10/Materials | Build established: Mutant 401 | -10/Materials | Discovered new exit (range 9) 738 | -10/Materials | Discovered new exit (range 15) 907 | -10/Materials | Build established: Scavenger-Mutant 1074 | -10/Materials | Discovered new exit (range 13) 1305 | -10/Materials | Discovered new exit (range 13) 1305 | -10/Materials | Discovered new exit (range 20) 1905 | -10/Materials | Discovered new exit (range 8) 1919 | -10/Materials | Entered Subcaves 1940 | -10/Subcaves | Learned Materials garrison access intel 1991 | -10/Subcaves | Core integrity fell below 50% 2297 | -10/Subcaves | Build established: Mutant 2791 | -10/Subcaves | Learned location of Zion (-6) 2791 | -10/Subcaves | Met a Zionite searching for "candidates" 3287 | -10/Subcaves | Core integrity fell below 20% 3428 | -10/Subcaves | A swath of the cavern ceiling suddenly collapsed 3879 | -10/Subcaves | Destroyed by 1H-VXG(R) with Subdweller Beam Cannon Last Messages --------------- off. 03303_ Destroyed Scrap Shield. 03305_ Ion Engine destroyed. 03306_ YI-64G(R) destroyed. 03331_ Acquired 1 matter. 03384_ YN-8WD(R) knocked back. 03387_ YN-8WD(R) destroyed. 03395_ Acquired 3 matter. 03401_ Acquired 4 matter. 03404_ Acquired 38 matter. A swath of the cavern ceiling suddenly collapses. 03815_ Dropped Mining Laser. 03862_ Critical hit (Meltdown: +290). 03864_ Lgt. Ion Engine destroyed. 03864_ KR-EZV(R) knocked back. 03864_ KR-EZV(R) destroyed. 03867_ KZ-MFE(R) suffers critical hit (Blast). 03874_ Battle Cannon destroyed. 03875_ Lgt. Treads destroyed. Map ----- +----------------------------------------------------+ | ##??????????????????????????????????? | | ### #??????????????????????????????????? | | #?## #??????????????????????????????????? | | #??## #??????????????????????????????????? | | #???### ##??????????????????????????????????? | | ##???## "###???????????????????????????????????? | | #???#" ##?????????????????????????????????????? | | " #??##" #??????????????????????????????????????? | | """#?## #??????????????????????????????????????? | | """#?# ##??????????????????????????????????????? | | ""##### ###??##??????????????????????????????????? | | "" ## # # ## #???????????????????????????????? | | ????????????????????????????? | | # ####????? ???????????????????????? | | #######? ##???????? ???????????????????????? | | ##??????? #????##??" ???????????????????????? | | ##??????## ##???# ##""#???????????????????????? | | "#?????### ???? " #####???????????????????? | | #????## ?????? """"##??????????????????? | | ##????# ???????? #??????????????????? | | #????## #????????# ??????????????????? | | ##????# ###??????# % ""??????????????????? | | #?????# "#??????#;| """"""?????????????????? | | ##????# ####???????#%"R""""""?????????????????? | | ##???# #?????????##R """" ??????????????? | | ##### ##????######% @""" ??????????????? | | ##?#### %%%"## [?????????????? | | #?# ### ""#??? ????????????? | | ##?# ### "##????? ???????????? | | ##?# #?# ##????????### ???????????? | | #?# ### #?????????????????????????? | | ### ##; ##?????????????????????????? | | ## #"# ##??????????????????????????? | | ###### |"####???????????????????????????? | | ##????# ### ###"#??????????????????????????????? | | ??????###?#####?###??????????????????????????????? | | ?????????????????????????????????????????????????? | | ?????????????????????????????????????????????????? | | ?????????????????????????????????????????????????? | | ?????????????????????????????????????????????????? | | ?????????????????????????????????????????????????? | | ?????????????????????????????????????????????????? | | ?????????????????????????????????????????????????? | | ?????????????????????????????????????????????????? | | ?????????????????????????????????????????????????? | | ?????????????????????????????????????????????????? | | ?????????????????????????????????????????????????? | | ?????????????????????????????????????????????????? | | ?????????????????????????????????????????????????? | | ?????????????????????????????????????????????????? | +----------------------------------------------------+ Best States ------------- Heat Dissipation 25 Energy Generation 10 Energy Capacity 250 Matter Stores 300 Matter Capacity 300 Sight Range 16 Terrain Scan Density 10 Evasion (%) 40 Recoil Reduction 2 Item Schematics ----------------- Lrg. Storage Unit | -10/Materials | Hacked Robot Schematics ------------------ None Fabricated ------------ Nothing Alien Tech Used ----------------- None Achievements -------------- None Challenges ------------ None Game ------ Seed GhostResetFragment Manual? 0 Play Time 00:25:10 Cumulative 82.7 hours Start 2024.03.09 @ 07:21:42 End 2024.03.09 @ 07:43:26 Sessions 1 Manual Loads 0 Difficulty Rogue Special Mode None Game No. 46 Rogue 46 Adventurer 0 Explorer 0 Win Type - Total 3 Types 2/0/0/1/0/0/0/0/0 Lore% 51 Gallery% 68 Achievement% 46 Wizard Run 0 Options --------- Layout 2 ASCII 0 Keyboard 1 Movement Numpad Keybinds 0 Fullscreen 2 Font 32/Tamsyn Map View 50x44 Zoom Use 0% Tactical HUD 1 Map Filters NONE Filters NONE Steam 1 RUN: f0de5509-e8c3-4914-ac9b-77b460d9f31a